 Dungeon Crawl Stone Soup version 0.28-a0-1565-g95a8017c83 (webtiles) character file.

Game seed: 9768909561671759473

2919 sanka the Destroyer (level 9, -9/69 HPs)
             Began as a Gnoll Conjurer on Jan 19, 2022.
             Was a Believer of Ashenzari.
             Mangled by an orc warrior (12 damage)
             ... on level 7 of the Dungeon.
             The game lasted 00:14:01 (9658 turns).

sanka the Destroyer (Gnoll Conjurer)                Turns: 9658, Time: 00:14:03

Health: -9/69      AC:  7    Str:  8    XL:     9   Next: 79%
Magic:  4/21       EV: 13    Int: 21    God:    Ashenzari [**....]
Gold:   156        SH:  0    Dex: 10    Spells: 13/24 levels left

rFire   . . .      SeeInvis +   a - +2 war axe (flame)
rCold   . . .      Faith    .   (no shield)
rNeg    . . .      Spirit   .   E - +0 robe
rPois   .          Reflect  .   C - +2 hat "Share My Jealousy" {Evo, Fort} (curse)
rElec   .          Harm     .   (no cloak)
rCorr   .          Rampage  .   i - +0 pair of gloves of the Sublime God {Self, Evo} (curse)
Will    .....                   e - +0 pair of boots of Ashenzari's Ennui {Alch, Melee} (curse)
Stlth   +++.......              (no amulet)
HPRegen 0.21/turn               (no ring)
MPRegen 0.17/turn               (no ring)

@: no status effects
A: fangs 1, strong nose, distributed training
a: Renounce Religion, Curse Item, Shatter the Chains


You were on level 7 of the Dungeon.
You worshipped Ashenzari.
Ashenzari was pleased with you.
You visited 2 branches of the dungeon, and saw 8 of its levels.

You collected 358 gold pieces.
You spent 202 gold pieces at shops.


Innate Abilities, Weirdness & Mutations

You have very sharp teeth.
Your uncanny sense of smell can sniff out nearby items.
Your experience applies equally to all skills.


   Skills:
 + Level 4.5(5.7) Fighting
 + Level 4.5(5.7) Short Blades
 + Level 4.5(5.7) Long Blades
 + Level 4.5(5.7) Axes
 + Level 4.5(5.7) Maces & Flails
 + Level 4.5(5.7) Polearms
 + Level 4.5(5.7) Staves
 + Level 4.5 Slings
 + Level 4.5 Bows
 + Level 4.5 Crossbows
 + Level 4.5 Throwing
 + Level 4.5(5.7) Armour
 + Level 6.5 Dodging
 + Level 6.3 Stealth
 + Level 4.5(5.7) Shields
 + Level 4.5(5.7) Unarmed Combat
 + Level 6.8(8.1) Spellcasting
 + Level 8.1 Conjurations
 + Level 3.8 Hexes
 + Level 3.8 Summonings
 + Level 3.8 Necromancy
 + Level 3.8 Translocations
 + Level 3.8(4.9) Transmutations
 + Level 3.8 Fire Magic
 + Level 3.8 Ice Magic
 + Level 3.8 Air Magic
 + Level 3.8 Earth Magic
 + Level 3.8(4.9) Poison Magic
 + Level 5.0 Invocations
 + Level 4.5(6.3) Evocations


You had 13 spell levels left.
You knew the following spells:

 Your Spells              Type           Power      Damage    Failure   Level
c - Mephitic Cloud        Conj/Pois/Air  32%        N/A       2%          3
x - Searing Ray           Conj           84%        2d7       1%          2
z - Magic Dart            Conj           100%       1d8       1%          1
X - Freezing Cloud        Conj/Ice/Air   15%        6-21      26%         5

Your spell library contained the following spells:

 Spells                   Type           Power      Damage    Failure   Level
 Animate Skeleton         Necr           48%        N/A       1%          1
 Pain                     Necr           96%        1d8       1%          1
 Dazzling Flash           Conj/Hex       66%        N/A       1%          3
 Ignite Poison            Fire/Tmut/Pois 27%        N/A       3%          3
 Vampiric Draining        Necr           24%        2d7       4%          3
 Fulminant Prism          Conj/Hex       16%        3d11      7%          4
 Iskenderun's Mystic Bla  Conj/Tloc      33%        2d8       7%          4

Inventory:

Hand Weapons
 a - a +2 war axe of flaming (weapon)
 B - a +2 dagger of venom
Armour
 e - the cursed +0 pair of boots of Ashenzari's Ennui (worn) {Alch, Melee}

   It has a curse which improves the following skills: Alchemy: Poison Magic and
   Transmutations.
   Melee Combat: Short Blades, Long Blades, Axes, Maces & Flails, Polearms,
   Staves and Unarmed Combat.
 i - the cursed +0 pair of gloves of the Sublime God (worn) {Self, Evo}

   It has a curse which improves the following skills: Introspection: Fighting
   and Spellcasting.
   Evocations: Evocations.
 s - a +2 pair of boots
 w - a +0 helmet
 C - the cursed +2 hat "Share My Jealousy" (worn) {Evo, Fort}

   It has a curse which improves the following skills: Evocations: Evocations.
   Fortitude: Armour and Shields.
 E - a +0 robe (worn)
Magical Staves
 g - a staff of earth
Wands
 q - a wand of iceblast (11)
 y - a wand of flame (6)
Scrolls
 b - 5 scrolls of identify {@r1}
 c - 2 scrolls of teleportation {@r4}
 d - a scroll of magic mapping
 h - 2 scrolls of enchant armour
 j - 2 scrolls of vulnerability {!r}
 n - a scroll of enchant weapon
 u - 3 scrolls of fog
 D - a scroll of amnesia
Potions
 f - 2 potions of attraction {!q}
 k - 2 potions of brilliance
 l - 2 potions of mutation {!q}
 o - 2 potions of haste {@q3}
 p - a potion of curing {@q1}
 r - a potion of cancellation
 v - 2 potions of invisibility
 x - a potion of magic
 z - a potion of might
 A - 3 potions of heal wounds {@q2}

Dungeon Overview and Level Annotations

Branches:
Dungeon (7/15)             Temple (1/1) D:6

Altars:
Ashenzari
Cheibriados
Dithmenos
Elyvilon
Fedhas
Gozag
Hepliaklqana
Kikubaaqudgha
Makhleb
Nemelex Xobeh
Okawaru
Qazlal
Ru
Sif Muna
Trog
Uskayaw
Vehumet
Wu Jian
Xom
Yredelemnul
Zin
The Shining One

Shops:
D:6

[ ▒.▒ ▒......+ ,..▒.▒ .▒
▒.▒,▒......▒ ▒.▒.. /.. ▒.▒
▒▒▒▒▒▒▒▒ ▒.▒.▒ ▒▒.▒▒ ▒.▒ ░
...▒░..... ▒.▒ ,..▒......
▒.▒ ░░ ░ ░ ,▒.▒......, ▒.▒
, , , { , ▒....._..
▒▒.▒▒▒▒▒▒▒▒▒▒▒▒▒▒▒.▒......
▒....(.......)go)..▒
.o..o,
▒▒▒▒▒▒▒▒▒▒▒▒▒▒▒▒▒..▒ o...
░, ▒..▒ ░.▒▒ ▒.... ,..
▒....▒ ▒ ▒▒▒▒▒▒ ░


You could see an orc warrior.


Message History

The searing ray hits the orc!
You kill the orc!
The orc warrior hits you with a +0 mace of protection.
The searing ray hits the orc warrior!
The orc warrior is almost dead.
The orc warrior hits you with a +0 mace of protection.
* * * LOW HITPOINT WARNING * * *
The searing ray hits the orc warrior but does no damage.
The orc warrior is almost dead.
You finish channelling your searing ray.
The orc warrior hits you with a +0 mace of protection!
* * * LOW HITPOINT WARNING * * *
The orc warrior misses you.
Aiming: Searing Ray (safe; 1% risk of failure)
Aim: an orc warrior, wielding a +0 mace of protection and wearing a +0 chain mail (almost dead, 80% to hit)
The searing ray misses the orc warrior. (Press . to maintain the ray.)
The orc warrior hits you with a +0 mace of protection.
* * * LOW HITPOINT WARNING * * *
The searing ray hits the orc warrior but does no damage.
The orc warrior is almost dead.
The orc warrior hits you with a +0 mace of protection!
* * * LOW HITPOINT WARNING * * *
Restarting spell: Searing Ray (safe; 1% risk of failure)
Aim: an orc warrior, wielding a +0 mace of protection and wearing a +0 chain mail (almost dead, 80% to hit)
The searing ray hits the orc warrior.
The orc warrior is almost dead. (Press . to maintain the ray.)
The orc warrior hits you with a +0 mace of protection!
You die...

Action                   |  1- 3 |  4- 6 |  7- 9 || total
-------------------------+-------+-------+-------++-------
Melee: War axe           |       |     2 |    61 ||    63
       Unarmed           |       |     1 |       ||     1
       Punch             |       |       |     5 ||     5
       Bite              |       |       |     3 ||     3
 Cast: Magic Dart        |    63 |    49 |   167 ||   279
       Searing Ray       |       |    11 |    50 ||    61
Invok: Curse Item        |       |       |     3 ||     3
 Stab: Sleeping          |       |     1 |     1 ||     2
Armor: Robe              |       |    12 |    46 ||    58
Dodge: Dodged            |       |    19 |   110 ||   129

Levels and vault maps discovered:
D:1:      matt_arrival_diagonals, layout_loops_ring,
          shapermc_ecumenical_altar_pompeii
D:2:      layout_basic, minmay_misc_feat_doors, minmay_between
D:3:      layout_basic, minmay_vboxes
D:4:      layout_loops_ring, gammafunk_ghost_mausoleum,
          chequers_serial_rivers_micro_a, uniq_menkaure
D:5:      layout_basic, dk_noncrumbling_3
D:6:      layout_basic, minmay_temple_entry_glassed_door, serial_undead,
          serial_undead_f, serial_undead_d, serial_undead_a, serial_undead_d,
          serial_shops, nicolae_shop_hallway_plus, hangedman_decor_growths,
          chequers_decorated_corner, uniq_sigmund, uniq_edmund, uniq_eustachio
D:7:      layout_basic, old_standard_altar, serial_glass, glass_columns_b,
          glass_columns_b, due_unseen_surprise
Temple:   dpeg_three_leaves_temple

Notes
Turn   | Place    | Note
-------+----------+-------------------------------------------
     0 | D:1      | sanka the Gnoll Conjurer began the quest for the Orb.
     0 | D:1      | Reached XP level 1. HP: 13/13 MP: 6/6
   114 | D:1      | Reached XP level 2. HP: 19/19 MP: 5/7
   662 | D:1      | Reached XP level 3. HP: 25/25 MP: 5/9
   709 | D:1      | Reached skill level 5 in Spellcasting
   725 | D:1      | Found a faded altar of an unknown god.
  1300 | D:2      | Reached skill level 1 in Invocations
  1324 | D:2      | Reached skill level 1 in Fighting
  1324 | D:2      | Reached skill level 1 in Short Blades
  1324 | D:2      | Reached skill level 1 in Long Blades
  1324 | D:2      | Reached skill level 1 in Axes
  1324 | D:2      | Reached skill level 1 in Maces & Flails
  1324 | D:2      | Reached skill level 1 in Polearms
  1324 | D:2      | Reached skill level 1 in Staves
  1324 | D:2      | Reached skill level 1 in Slings
  1324 | D:2      | Reached skill level 1 in Bows
  1324 | D:2      | Reached skill level 1 in Crossbows
  1324 | D:2      | Reached skill level 1 in Throwing
  1324 | D:2      | Reached skill level 1 in Armour
  1324 | D:2      | Reached skill level 1 in Shields
  1324 | D:2      | Reached skill level 1 in Unarmed Combat
  1324 | D:2      | Reached skill level 1 in Evocations
  1416 | D:2      | Learned a level 2 spell: Searing Ray
  1524 | D:2      | Reached XP level 4. HP: 32/32 MP: 7/11
  2210 | D:6      | Reached skill level 1 in Hexes
  2210 | D:6      | Reached skill level 1 in Summonings
  2210 | D:6      | Reached skill level 1 in Necromancy
  2210 | D:6      | Reached skill level 1 in Translocations
  2210 | D:6      | Reached skill level 1 in Transmutations
  2210 | D:6      | Reached skill level 1 in Fire Magic
  2210 | D:6      | Reached skill level 1 in Ice Magic
  2210 | D:6      | Reached skill level 1 in Air Magic
  2210 | D:6      | Reached skill level 1 in Earth Magic
  2210 | D:6      | Reached skill level 1 in Poison Magic
  2297 | D:6      | Found a staircase to the Ecumenical Temple.
  2308 | Temple   | Entered the Ecumenical Temple
  2392 | Temple   | Became a worshipper of Ashenzari the Shackled
  2416 | D:6      | Noticed Sigmund
  2437 | Temple   | Reached XP level 5. HP: 21/37 MP: 5/12
  2575 | D:6      | Killed Sigmund
  2576 | D:6      | Reached skill level 2 in Invocations
  2576 | D:6      | Reached XP level 6. HP: 44/44 MP: 4/14
  2665 | D:6      | Reached skill level 5 in Dodging
  2811 | D:6      | Reached skill level 2 in Fighting
  2811 | D:6      | Reached skill level 2 in Short Blades
  2811 | D:6      | Reached skill level 2 in Long Blades
  2811 | D:6      | Reached skill level 2 in Axes
  2811 | D:6      | Reached skill level 2 in Maces & Flails
  2811 | D:6      | Reached skill level 2 in Polearms
  2811 | D:6      | Reached skill level 2 in Staves
  2811 | D:6      | Reached skill level 2 in Slings
  2811 | D:6      | Reached skill level 2 in Bows
  2811 | D:6      | Reached skill level 2 in Crossbows
  2811 | D:6      | Reached skill level 2 in Throwing
  2811 | D:6      | Reached skill level 2 in Armour
  2811 | D:6      | Reached skill level 2 in Shields
  2811 | D:6      | Reached skill level 2 in Unarmed Combat
  2811 | D:6      | Reached skill level 2 in Evocations
  2895 | D:6      | Learned a level 3 spell: Mephitic Cloud
  2905 | D:5      | Entered Level 5 of the Dungeon
  3061 | D:5      | Reached XP level 7. HP: 49/50 MP: 5/15
  3234 | D:5      | Reached skill level 2 in Hexes
  3234 | D:5      | Reached skill level 2 in Summonings
  3234 | D:5      | Reached skill level 2 in Necromancy
  3234 | D:5      | Reached skill level 2 in Translocations
  3234 | D:5      | Reached skill level 2 in Transmutations
  3234 | D:5      | Reached skill level 2 in Fire Magic
  3234 | D:5      | Reached skill level 2 in Ice Magic
  3234 | D:5      | Reached skill level 2 in Air Magic
  3234 | D:5      | Reached skill level 2 in Earth Magic
  3234 | D:5      | Reached skill level 2 in Poison Magic
  3586 | D:4      | Noticed Menkaure
  3589 | D:4      | Killed Menkaure
  3590 | D:4      | Reached skill level 5 in Stealth
  3590 | D:4      | Reached skill level 3 in Invocations
  4091 | D:3      | Reached XP level 8. HP: 57/57 MP: 6/16
  4734 | D:3      | Reached * piety under Ashenzari
  4776 | D:4      | Reached skill level 3 in Fighting
  4776 | D:4      | Reached skill level 3 in Short Blades
  4776 | D:4      | Reached skill level 3 in Long Blades
  4776 | D:4      | Reached skill level 3 in Axes
  4776 | D:4      | Reached skill level 3 in Maces & Flails
  4776 | D:4      | Reached skill level 3 in Polearms
  4776 | D:4      | Reached skill level 3 in Staves
  4776 | D:4      | Reached skill level 3 in Slings
  4776 | D:4      | Reached skill level 3 in Bows
  4776 | D:4      | Reached skill level 3 in Crossbows
  4776 | D:4      | Reached skill level 3 in Throwing
  4776 | D:4      | Reached skill level 3 in Armour
  4776 | D:4      | Reached skill level 3 in Shields
  4776 | D:4      | Reached skill level 3 in Unarmed Combat
  4776 | D:4      | Reached skill level 3 in Evocations
  4977 | D:4      | Reached skill level 6 in Spellcasting
  5689 | D:4      | Found a transporter.
  5693 | D:4      | Found a transporter.
  5694 | D:4      | Noticed p0werm0de's ghost (amateur MiCK)
  6139 | D:4      | Killed p0werm0de's ghost
  6140 | D:4      | Reached skill level 4 in Invocations
  6433 | D:5      | Reached skill level 3 in Hexes
  6433 | D:5      | Reached skill level 3 in Summonings
  6433 | D:5      | Reached skill level 3 in Necromancy
  6433 | D:5      | Reached skill level 3 in Translocations
  6433 | D:5      | Reached skill level 3 in Transmutations
  6433 | D:5      | Reached skill level 3 in Fire Magic
  6433 | D:5      | Reached skill level 3 in Ice Magic
  6433 | D:5      | Reached skill level 3 in Air Magic
  6433 | D:5      | Reached skill level 3 in Earth Magic
  6433 | D:5      | Reached skill level 3 in Poison Magic
  6753 | D:5      | Reached skill level 6 in Dodging
  6753 | D:5      | Reached XP level 9. HP: 50/66 MP: 10/19
  6868 | D:5      | Learned a level 5 spell: Freezing Cloud
  6949 | D:6      | Found Epirer Gauwe's Antique Armour Shop.
  6954 | D:6      | Bought a pair of runed boots for 202 gold pieces
  7537 | D:6      | Reached skill level 4 in Fighting
  7537 | D:6      | Reached skill level 4 in Short Blades
  7537 | D:6      | Reached skill level 4 in Long Blades
  7537 | D:6      | Reached skill level 4 in Axes
  7537 | D:6      | Reached skill level 4 in Maces & Flails
  7537 | D:6      | Reached skill level 4 in Polearms
  7537 | D:6      | Reached skill level 4 in Staves
  7537 | D:6      | Reached skill level 4 in Slings
  7537 | D:6      | Reached skill level 4 in Bows
  7537 | D:6      | Reached skill level 4 in Crossbows
  7537 | D:6      | Reached skill level 4 in Throwing
  7537 | D:6      | Reached skill level 4 in Armour
  7537 | D:6      | Reached skill level 4 in Shields
  7537 | D:6      | Reached skill level 4 in Unarmed Combat
  7537 | D:6      | Reached skill level 4 in Evocations
  7590 | D:6      | Noticed Eustachio
  7612 | D:6      | Killed Eustachio
  7617 | D:6      | Reached skill level 6 in Stealth
  7617 | D:6      | Reached skill level 8 in Conjurations
  8477 | D:6      | Noticed Edmund
  8508 | D:6      | Reached ** piety under Ashenzari
  8531 | D:6      | Killed Edmund
  9020 | D:7      | Reached skill level 5 in Invocations
  9592 | D:7      | Found a shadowy altar of Dithmenos.
  9657 | D:7      | HP: 3/69 [orc warrior (16)]
  9658 | D:7      | Mangled by an orc warrior

Vanquished Creatures
  The ghost of p0werm0de the Skirmisher, an amateur MiCK of Xom (D:4)
  Sigmund (D:6)
  Eustachio (D:6)
  Menkaure (D:4)
  Edmund (D:6)
  A water moccasin (D:5)
  A black bear (D:4)
  An ogre (D:5)
  2 orc warriors
  An ice beast (D:7)
  A necrophage (D:5)
  A centaur (D:5)
  A phantom (D:4)
  3 scorpions
  2 wyvern zombies (D:6)
  2 water moccasin zombies
  A water moccasin skeleton (D:6)
  3 bullfrog zombies (D:6)
  A centaur zombie (D:5)
  8 orc priests
  A hound (D:6)
  3 iguanas
  3 bullfrog skeletons
  4 orc wizards
  2 killer bee zombies (D:6)
  2 howler monkey zombies (D:6)
  6 adders
  2 howler monkey skeletons
  A white imp (D:5)
  An adder zombie (D:5)
  An adder skeleton (D:4)
  2 worms (D:2)
  4 dart slugs
  17 orcs
  11 endoplasms
  3 giant cockroaches
  7 hobgoblins
  2 jackals (D:3)
  8 kobolds
  4 quokkas
  7 ball pythons
  6 bats
  6 frilled lizards
  8 goblins
  2 quokka skeletons
  6 rats
153 creatures vanquished.
